 Dungeon Crawl Stone Soup version 0.31-a0-986-g5e6e4ef867 (webtiles) character file.

Game seed: 11624190810505934252

143 jasper the Trooper (level 5, -6/42 HPs)
             Began as a Demonspawn Cinder Acolyte on Nov 10, 2023.
             Was an Elder of Ignis.
             Mangled by an iguana (7 damage)
             ... on level 4 of the Dungeon.
             The game lasted 00:05:00 (2894 turns).

jasper the Trooper (Demonspawn Cinder Acolyte)      Turns: 2894, Time: 00:05:00

Health: -6/42      AC: 10    Str: 15    XL:     5   Next: 4%
Magic:  6/6        EV: 11    Int: 15    God:    Ignis [****..]
Gold:   230        SH:  0    Dex: 10    Spells: 6/6 levels left

rFire   + .          .
                       - Unarmed
rCold   . . .        (no shield)
rNeg    + . .        k - +0 leather armour
rPois   .            (helmet currently unavailable)
rElec   .            (cloak currently unavailable)
rCorr   .            (gloves currently unavailable)
SInv    .            (boots currently unavailable)
Will    .....        (no amulet)
Stlth   +            c - ring of positive energy
HPRegen 0.27/turn    (no ring)
MPRegen 0.10/turn

%: no passive effects
@: beast-form, fiery-armoured
A: beast (slay +1), antennae 1
a: Begin Untransformation, Renounce Religion, Fiery Armour, Foxfire Swarm,
Rising Flame


You were on level 4 of the Dungeon.
You worshipped Ignis.
Ignis was greatly pleased with you.
You were a hulking beast.
You visited 1 branch of the dungeon, and saw 4 of its levels.

You collected 230 gold pieces.

Inventory:

Missiles
 f - 59 stones
 h - 3 boomerangs (quivered)
 j - 5 javelins
Armour
 a - a +0 robe
 e - a +0 cloak
 k - a +0 leather armour (worn)
 n - the +2 ratskin cloak {*Rats rPois rN+ Str-1 Int-1 Dex+1}
   (You found it on level 3 of the Dungeon)

   *Rats:     When the wearer is hurt, rats may emerge from it to assist them.
   Str-1:     It affects your strength (-1).
   Int-1:     It affects your intelligence (-1).
   Dex+1:     It affects your dexterity (+1).
   rPois:     It protects you from poison rN+: It protects you from negative
   energy.
Jewellery
 c - a ring of positive energy (left hand)
Talismans
 d - a beast talisman (active)
 m - a serpent talisman
 p - a flux talisman
Scrolls
 q - a scroll of enchant armour {unknown}
 r - a scroll of identify {unknown}
Potions
 b - 2 potions of haste {unknown}
 g - 3 potions of curing {unknown}
 i - a potion of heal wounds {unknown}
 l - a potion of degeneration {unknown}
 o - a potion of might {unknown}


   Skills:
 - Level 3.6 Fighting
 - Level 3.3 Unarmed Combat
 - Level 1.0 Spellcasting
 - Level 2.6 Fire Magic
 + Level 3.0 Shapeshifting


You had 6 spell levels left.
You didn't know any spells.
Your spell library contained the following spells:

 Spells                   Type           Power      Damage    Failure   Level
 Scorch                   Fire           16%        2d5       16%         2
 Freeze                   Ice            0%         1d3       30%         1
 Blink                    Tloc           0%         N/A       41%         2
 Lesser Beckoning         Tloc           0%         N/A       41%         2
 Momentum Strike          Conj/Tloc      0%         3d8       41%         2
 Ignite Poison            Fire/Tmut/Pois 3%         N/A       54%         3
 Frozen Ramparts          Ice            0%         1d1       65%         3
 Hailstorm                Conj/Ice       0%         3d3       65%         3
 Sticky Flame             Conj/Fire      4%         2d3       86%         4
 Ignition                 Fire           4%         3d4       100%        8


Dungeon Overview and Level Annotations

Branches:
Dungeon (4/15)
 Temple: D:4-7

Altars:
Hepliaklqana
Qazlal


Innate Abilities, Weirdness & Mutations

You are a hulking beast.
Your limbs bulge with bestial killing power. (Slay +1)
You have a pair of small antennae on your head.


Message History

An iguana comes into view.
The iguana hisses angrily.
You hit the iguana.
The iguana is lightly wounded.
The iguana bites you.
You take 6 damage, and have 36/42 hp.
You hit the iguana.
The iguana is moderately wounded.
The iguana bites you.
You take 3 damage, and have 33/42 hp.
You hit the iguana.
The iguana is heavily wounded.
The iguana bites you!
You take 13 damage, and have 20/42 hp.
MASSIVE DAMAGE!!
You hit the iguana but do no damage.
The iguana is heavily wounded.
You hit the iguana.
The iguana is severely wounded.
The iguana completely misses you.
You hit the iguana.
The iguana is almost dead.
The iguana closely misses you.
You hit the iguana but do no damage.
The iguana is almost dead.
The iguana barely misses you.
You barely miss the iguana.
The iguana is almost dead.
The iguana bites you!
You take 8 damage, and have 13/42 hp.
You barely miss the iguana.
The iguana is almost dead.
The iguana bites you!
* * * LOW HITPOINT WARNING * * *
You take 12 damage, and have 1/42 hp.
MASSIVE DAMAGE!!
Okay, then.
Okay, then.
Unknown command.
A protective cloak of flame settles atop you.
The iguana bites you!
You die...

..# ####..#
#..#..#
#.....###
#........
#......##
#### ..#
##.......#
#... #..
###.hl.....#
#._. ..#
##.<###.....#
#... #..
###..## .....
#### #..##
##...## ....
# #..###..###
... #
####..##..##
.. # ..#
#....## # #
..# #..### ##
..# #.## #'


You could see an iguana.

Vanquished Creatures
  3 gnolls (D:3)
  3 adders
  3 dart slugs
  4 orcs
  2 ball pythons
  4 bats
  6 endoplasms
  6 giant cockroaches
  11 hobgoblins
  6 jackals
  3 quokkas
  4 frilled lizards
  6 goblins
  5 kobolds (D:2)
  3 rats
69 creatures vanquished.

Notes
Turn   | Place    | Note
-------+----------+-------------------------------------------
     0 | D:1      | jasper the Demonspawn Cinder Acolyte began the quest for
                  | the Orb.
     0 | D:1      | Reached XP level 1. HP: 18/18 MP: 2/2
   300 | D:1      | Gained mutation: You have a pair of small antennae on your
                  | head. [demonic ancestry]
   300 | D:1      | Reached XP level 2. HP: 20/24 MP: 3/3
   803 | D:2      | Reached XP level 3. HP: 22/29 MP: 4/4
   805 | D:2      | Noticed a golden eye
   807 | D:2      | Found a faded altar of an unknown god.
   811 | D:2      | Noticed a golden eye
   814 | D:2      | Noticed an eye of devastation
   814 | D:2      | Noticed a golden eye
  1106 | D:2      | Reached skill level 1 in Shapeshifting
  1500 | D:3      | Reached XP level 4. HP: 36/37 MP: 5/5
  1882 | D:3      | Found the +2 ratskin cloak {*Rats rPois rN+ Str-1 Int-1
                  | Dex+1}
  2687 | D:4      | Reached XP level 5. HP: 38/42 MP: 6/6
  2737 | D:4      | Found a hazy altar of Hepliaklqana.
  2746 | D:4      | Found a stormy altar of Qazlal.
  2893 | D:4      | HP: 1/42 [iguana (12)]
  2894 | D:4      | Mangled by an iguana

Illustrated notes

Levels and vault maps discovered:
D:1:      mrwooster_arrival_statue_3, layout_basic
D:2:      layout_basic, hellmonk_ecumenical_altar_watching_god
D:3:      layout_basic
D:4:      layout_cave_pods, mainiacjoe_overflow_swirl

Skill      XL: |  1  2  3  4  5 |
---------------+----------------+-----
Unarmed Combat | 3 |  3.3
Shapeshifting  | 1 2 3 |  3.0
Fighting       | |  3.6
Spellcasting   | |  1.0
Fire Magic     | |  2.6

Action                     |  1- 3 |  4- 6 || total
---------------------------+-------+-------++-------
  Melee: Unarmed           |   152 |    81 ||   233
         Punch             |     5 |     1 ||     6
  Throw: Stone             |     2 |       ||     2
         Boomerang         |    23 |    22 ||    45
 Invoke: Fiery Armour      |     2 |     2 ||     4
    Use: Scroll            |     4 |       ||     4
 Armour: Robe              |    54 |       ||    54
         Leather armour    |    23 |    45 ||    68
  Dodge: Dodged            |    88 |    43 ||   131
   Form: Beast             |     1 |       ||     1

Table legend: (Time is in decaauts)
 A = Elapsed time spent in this place.
 B = Non-inter-level travel time spent in this place.
 C = Inter-level travel time spent in this place.
 D = Time resting spent in this place.
 E = Time spent auto-exploring this place.
 F = Levels seen in this place.
 G = Mean time per level.
                   A        B        C        D        E       F      G
               +--------+--------+--------+--------+--------+-----+--------+
         Total |   2892 |   2846 |     46 |    150 |   2019 |   4 |  723.0 |
       Dungeon |   2892 |   2846 |     46 |    150 |   2019 |   4 |  723.0 |
               +--------+--------+--------+--------+--------+-----+--------+

Top non-repeatable levels by time:
     D:2: 860 daAuts
     D:3: 738 daAuts
     D:4: 673 daAuts
     D:1: 620 daAuts
